 Dungeon Crawl Stone Soup version 0.27-a0-380-g150de4c316 (webtiles) character file.

Game seed: 3196619901879999337

10 mobinator the Cudgeller (level 2, -1/27 HPs)
             Began as a Minotaur Berserker on Feb 18, 2021.
             Was a Follower of Trog.
             Slain by Terence
             ... wielding a +1 mace of holy wrath
              (3 damage)
             ... on level 2 of the Dungeon.
             The game lasted 00:02:06 (680 turns).

mobinator the Cudgeller (Minotaur Berserker)         Turns: 680, Time: 00:02:07

Health: -1/27      AC:  2    Str: 21    XL:     2   Next: 10%
Magic:  1/1        EV: 12    Int:  4    God:    Trog [*.....]
Gold:   22         SH:  0    Dex:  9    Spells: 1/1 levels left

rFire    . . .     SeeInvis .   a - +0 mace
rCold    . . .     Faith    .   (no shield)
rNeg     . . .     Spirit   .   b - +0 animal skin
rPois    .         Reflect  .   (helmet restricted)
rElec    .         Harm     .   (no cloak)
rCorr    .         Rampage  .   (no gloves)
Will     .....                  (no boots)
Stlth    +.........             (no amulet)
HPRegen  0.09/turn              (no ring)
MPRegen  0.07/turn              (no ring)

@: no status effects
A: retaliatory headbutt, horns 2
a: Renounce Religion, Berserk


You were on level 2 of the Dungeon.
You worshipped Trog.
Trog was aware of your devotion.
You visited 1 branch of the dungeon, and saw 2 of its levels.

You collected 22 gold pieces.

Inventory:

Hand Weapons
 a - a +0 mace (weapon)
Armour
 b - a +0 animal skin (worn)
Potions
 d - a potion of resistance


   Skills:
 - Level 3.6 Fighting
 * Level 4.3 Maces & Flails
 - Level 2.4 Armour
 - Level 2.2 Dodging


You had one spell level left.
You didn't know any spells.
Your spell library was empty.

Dungeon Overview and Level Annotations

Branches:
Dungeon (1/15)

Altars:

Annotations:
D:2 Terence


Innate Abilities, Weirdness & Mutations

You reflexively headbutt those who attack you in melee.
You have a pair of horns on your head.


Message History

You barely miss the leopard gecko.
The leopard gecko is severely wounded.
The leopard gecko misses you. The leopard gecko bites you.
You closely miss the leopard gecko. You headbutt the leopard gecko.
You kill the leopard gecko!
Trog accepts your kill. Terence closely misses you. You furiously retaliate!
You headbutt Terence. You hit Terence. Your headbutt misses Terence.
Terence is heavily wounded.
Terence hits you with a +1 mace of holy wrath.
You hit Terence but do no damage.
Terence is heavily wounded.
Terence hits you with a +1 mace of holy wrath.
You barely miss Terence.
Terence is heavily wounded.
Terence closely misses you.
You barely miss Terence.
Terence is heavily wounded.
Terence screams, "I'm going to kill you!"
Terence hits you with a +1 mace of holy wrath.
The worm bites you.
You are too injured to fight recklessly!
You are too injured to fight recklessly!
You are too injured to fight recklessly!
You are too injured to fight recklessly!
As you read the scroll labelled VIQAQI KICYUDD, it crumbles to dust.
It is a scroll of amnesia.
You feel forgetful for a moment.
Terence hits you with a +1 mace of holy wrath.
* * * LOW HITPOINT WARNING * * *
The worm misses you.
As you read the scroll labelled DEBLIO MAUH, it crumbles to dust.
It is a scroll of identify.
d - a potion of resistance Terence misses you.
You furiously retaliate!
You headbutt Terence, but do no damage.
It was a potion of curing.
You feel better. The worm bites you!
* * * LOW HITPOINT WARNING * * *
Terence hits you with a +1 mace of holy wrath.
You die...

#.. # #..
..#.#..
....#..#####
...........#
...........#
...........###
.......†@....#
.......w@..#.#
...........#
...........#
...........#
...........#
...........#
...........#
.#####+#####


You could see Terence and a worm.

Vanquished Creatures
  2 leopard geckos
  2 goblins (D:1)
  A hobgoblin (D:1)
  2 bats
  A frilled lizard (D:1)
8 creatures vanquished.

Notes
Turn   | Place    | Note
-------+----------+-------------------------------------------
     0 | D:1      | mobinator the Minotaur Berserker began the quest for the
                  | Orb.
     0 | D:1      | Reached XP level 1. HP: 19/19 MP: 0/0
   547 | D:1      | Reached skill level 4 in Maces & Flails
   666 | D:1      | You fall into a shaft and drop 1 floor!
   666 | D:2      | Noticed Terence
   670 | D:2      | Reached XP level 2. HP: 26/27 MP: 1/1
   680 | D:2      | Slain by Terence

Illustrated notes

Levels and vault maps discovered:
D:1:      dpeg_arrival_circle_labyrinth_c, layout_basic
D:2:      layout_basic, lemuel_doored_altar, uniq_jessica, uniq_terence

Skill      XL: |  1 |
---------------+----+-----
Maces & Flails | 4 |  4.3
Fighting       | |  3.6
Armour         | |  2.4
Dodging        | |  2.2

Action                   || total
-------------------------++-------
Melee: Mace              ||    25
       Headbutt          ||     2
  Use: Scroll            ||     2
       Potion            ||     1
Armor: Animal skin       ||     4
Dodge: Dodged            ||    16

Table legend: (Time is in decaauts)
 A = Elapsed time spent in this place.
 B = Non-inter-level travel time spent in this place.
 C = Inter-level travel time spent in this place.
 D = Time resting spent in this place.
 E = Time spent auto-exploring this place.
 F = Levels seen in this place.
 G = Mean time per level.
                   A        B        C        D        E       F      G
               +--------+--------+--------+--------+--------+-----+--------+
         Total |    684 |    684 |      0 |      0 |    615 |   2 |  342.0 |
       Dungeon |    684 |    684 |      0 |      0 |    615 |   2 |  342.0 |
               +--------+--------+--------+--------+--------+-----+--------+

Top non-repeatable levels by time:
     D:1: 669 daAuts
     D:2: 15 daAuts
